 Dungeon Crawl Stone Soup version 0.30-b1-2-g02819fbbbe (webtiles) character file.

Game seed: 4298299257681742050

1775 redmage the Frost Mage (level 9, -10/62 HPs)
             Began as a Meteoran Ice Elementalist on July 26, 2023.
             Was a Follower of Sif Muna.
             Mangled by Maggie
             ... wielding a +1 halberd of pain
              (13 damage)
             ... on level 8 of the Dungeon.
             The game lasted 00:21:00 (1305 turns).

redmage the Frost Mage (Meteoran Ice Elementalist)  Turns: 1305, Time: 00:21:00

Health: -10/62     AC:  3    Str: 10    XL:     9   Next: 53%
Magic:  7/21       EV: 12    Int: 23    God:    Sif Muna [*.....]
Gold:   147        SH:  0    Dex: 11    Spells: 9/23 levels left

rFire   . . .        d - +7 mace of Vodka {freeze, rPois Int+3 Dex-5}
rCold   . . .        (no shield)
rNeg    . . .        a - +0 robe
rPois   +            i - +0 helmet
rElec   .            (no cloak)
rCorr   .            (no gloves)
SInv    .            (no boots)
Will    +....        (no amulet)
Stlth   +            (no ring)
HPRegen 0.30/turn    (no ring)
MPRegen 0.17/turn

%: no passive effects
@: mesmerised, glowing
A: sense surroundings 2, otherworldly, glowing, explore regen
a: Renounce Religion, Channel Magic


You were on level 8 of the Dungeon.
You worshipped Sif Muna.
Sif Muna was aware of your devotion.
You visited 2 branches of the dungeon, and saw 10 of its levels.

You collected 147 gold pieces.

Inventory:

Hand Weapons
 d - the +7 mace of Vodka (weapon) {freeze, rPois Int+3 Dex-5}
   (You found it on level 5 of the Dungeon)

   Int:       It affects your intelligence (+3).
   Dex:       It affects your dexterity (-5).
   rPois:     It protects you from poison.
 m - a +1 dagger of venom
Missiles
 n - 3 boomerangs
 p - a curare-tipped dart (quivered)
Armour
 a - a +0 robe (worn)
 i - a +0 helmet (worn)
 o - a +2 ring mail of poison resistance
Wands
 l - a wand of iceblast (9)
 q - a wand of mindburst (3)
Scrolls
 c - 2 scrolls of enchant armour
 e - 2 scrolls of fear
 f - a scroll of brand weapon
Potions
 b - a potion of magic
 g - a potion of might
 h - a potion of flight
 k - a potion of lignification {unknown}


   Skills:
 - Level 2.4 Dodging
 - Level 1.4 Stealth
 * Level 7.6 Spellcasting
 - Level 5.0 Summonings
 + Level 8.0 Ice Magic
 + Level 4.2 Air Magic
 * Level 6.0 Invocations


You had 9 spell levels left.
You knew the following spells:

 Your Spells              Type           Power      Damage    Failure   Level
a - Freeze                Ice            100%       1d10      1%          1
b - Frozen Ramparts       Ice            90%        1d14      1%          3
c - Ozocubu's Armour      Ice            45%        N/A       1%          3
d - Summon Ice Beast      Ice/Summ       38%        N/A       4%          4
e - Swiftness             Air            28%        N/A       3%          3

Your spell library contained the following spells:

 Spells                   Type           Power      Damage    Failure   Level
 Shock                    Conj/Air       72%        1d7       3%          1
 Airstrike                Air            14%        2d(2-18)  13%         4


Dungeon Overview and Level Annotations

Branches:
Dungeon (9/15) Zot: 4135   Temple (1/1) D:4 Zot: 543
   Lair: D:8-11         Orc: D:9-12

Altars:
Ashenzari
Cheibriados
Dithmenos
Fedhas
Gozag
Hepliaklqana
Kikubaaqudgha
Makhleb
Nemelex Xobeh
Okawaru
Qazlal
Sif Muna
Trog
Vehumet
Wu Jian
Xom
Zin
The Shining One

Shops:
D:6 :

Annotations:
D:8 Maggie


Innate Abilities, Weirdness & Mutations

You passively map the area around you.
You are easily found by Zot.
You glow in the dark.
You regain HP and MP as you explore.


Message History

Confirm with . or Enter, or press ? or * to list all spells.
Aiming: Freeze (safe; 1% risk of failure)
Press: ? - help, Shift-Dir - straight line, f/p - black bear
Aim: a black bear (severely wounded)
You freeze the black bear!
The black bear is almost dead.
The wall freezes Maggie but does no damage.
Maggie hits you but does no damage.
You writhe in agony.
* * * LOW HITPOINT WARNING * * *
The wall freezes the black bear!
You kill the black bear!
Sif Muna accepts your kill.
Your Invocations skill increases to level 6!
Unknown command.
Throw: 3 darts (curare)
Press: ? - help, Q - select action, (/) - cycle Shift-Dir - straight line, f - Maggie
Aim: Maggie, wielding a +1 halberd of pain and wearing +0 swamp dragon scales (moderately wounded, mesmerising, 58% to hit)
You throw a curare-tipped dart.
The curare-tipped dart completely misses Maggie.
The curare-tipped dart hits the fungus.
The wall freezes Maggie!
Maggie hits you from afar with a +1 halberd of pain.
* * * LOW HITPOINT WARNING * * *
Throw: 2 darts (curare)
Press: ? - help, Q - select action, (/) - cycle Shift-Dir - straight line, f/p - Maggie
Aim: Maggie, wielding a +1 halberd of pain and wearing +0 swamp dragon scales (heavily wounded, mesmerising, 58% to hit)
You throw a curare-tipped dart.
The curare-tipped dart closely misses Maggie.
The curare-tipped dart hits the fungus.
Your icy armour evaporates.
The frozen ramparts melt away.
Maggie hits you from afar with a +1 halberd of pain!
* * * LOW HITPOINT WARNING * * *
Aiming: Iceblast
Press: ? - help, Shift-Dir - straight line, f/p - Maggie
Aim: Maggie, wielding a +1 halberd of pain and wearing +0 swamp dragon scales (heavily wounded, mesmerising)
The mass of ice explodes!
The iceblast engulfs Maggie.
Maggie is heavily wounded.
Maggie hits you from afar with a +1 halberd of pain!
You die...

, ..........####*
>* , ,
.P......#.... , ,
....P......, * * ,
,,.........#* , ,,
#....P..# , ,,
,#.$.[...#* .P
#...P..# * # * *
,P.####.....@###.#
* , ,
...P.......††@..#
,** ,
P.P.......#######
## **


.PPP.PP.P.# ..., , .PPP...P..# ..#., , * #.....P...# ####.... *
##..###...#####..>.... , #..................... , ...................## ,,,,, *
*#......<...†....##.##.#** You could see Maggie (mesmerising).

Vanquished Creatures
  A wyvern (D:5)
  An orc warrior (D:8)
  3 black bears (D:8)
  2 centaurs
  2 bullfrogs (D:8)
  A scorpion (D:4)
  12 killer bees (D:8)
  A hound (D:4)
  An orc priest (D:8)
  Jessica (D:3)
  2 orc wizards
  Robin (D:3)
  3 gnolls (D:6)
  3 adders
  A shadow imp (D:8)
  A worm (D:4)
  2 dart slugs
  11 orcs
  5 bats (D:1)
  4 endoplasms (D:4)
  2 giant cockroaches (D:1)
  9 goblins
  6 hobgoblins
  2 quokkas
  6 ball pythons
  2 frilled lizards (D:1)
  6 kobolds
  2 rats
93 creatures vanquished.

Vanquished Creatures (collateral kills)
  A phantom (D:6)
  An orc wizard (D:8)
2 creatures vanquished.

Vanquished Creatures (others)
  13 fungi (D:8)
  16 plants (D:8)
29 creatures vanquished.

Grand Total: 124 creatures vanquished

Notes
Turn   | Place    | Note
-------+----------+-------------------------------------------
     0 | D:1      | redmage the Meteoran Ice Elementalist began the quest for
                  | the Orb.
     0 | D:1      | Reached XP level 1. HP: 14/14 MP: 5/5
    63 | D:1      | Reached XP level 2. HP: 20/20 MP: 0/6
   155 | D:1      | Reached skill level 5 in Ice Magic
   190 | D:1      | Reached XP level 3. HP: 22/26 MP: 5/8
   221 | D:1      | Learned a level 3 spell: Frozen Ramparts
   225 | D:1      | Learned a level 3 spell: Ozocubu's Armour
   356 | D:3      | Noticed Robin
   360 | D:3      | Killed Robin
   362 | D:3      | Reached XP level 4. HP: 28/33 MP: 1/9
   509 | D:4      | Noticed a scorpion
   515 | D:4      | Killed a scorpion
   516 | D:4      | Reached skill level 6 in Ice Magic
   516 | D:4      | Reached XP level 5. HP: 35/38 MP: 1/12
   521 | D:4      | Learned a level 4 spell: Summon Ice Beast
   534 | D:4      | Reached skill level 1 in Summonings
   534 | D:4      | Reached XP level 6. HP: 45/45 MP: 2/13
   626 | D:5      | Entered Level 5 of the Dungeon
   632 | D:5      | Identified the +7 mace of Vodka {freeze, rPois Int+3 Dex-5}
   688 | D:5      | Noticed a wyvern
   698 | D:5      | Killed a wyvern
   699 | D:5      | Reached skill level 5 in Spellcasting
   699 | D:5      | Reached XP level 7. HP: 21/50 MP: 4/15
   754 | D:3      | Noticed Jessica
   762 | D:3      | Killed Jessica
   798 | D:4      | Found a staircase to the Ecumenical Temple.
   803 | Temple   | Entered the Ecumenical Temple
   839 | Temple   | Became a worshipper of Sif Muna the Loreminder
   959 | D:6      | Reached skill level 1 in Invocations
  1035 | D:7      | Learned a level 3 spell: Swiftness
  1093 | D:6      | Found Ydduodacu's Book Shoppe.
  1123 | D:8      | Reached XP level 8. HP: 49/57 MP: 14/17
  1208 | D:8      | Reached skill level 1 in Air Magic
  1210 | D:8      | Reached skill level 5 in Summonings
  1210 | D:8      | Reached skill level 7 in Ice Magic
  1213 | D:8      | Reached * piety under Sif Muna
  1284 | D:8      | Gained mutation: You passively map the area around you.
                  | [Meteoran growth]
  1284 | D:8      | Reached XP level 9. HP: 60/62 MP: 12/19
  1290 | D:8      | Noticed Maggie
  1297 | D:8      | Reached skill level 5 in Invocations
  1299 | D:8      | Reached skill level 8 in Ice Magic
  1304 | D:8      | HP: 2/62 [Maggie/+1 halberd of pain (10)]
  1305 | D:8      | Mangled by Maggie

Illustrated notes

Levels and vault maps discovered:
D:1:      dpeg_arrival_round_c, layout_basic
D:2:      minmay_spotlight, layout_basic
D:3:      layout_basic, mainiacjoe_overflow_alcove_1,
          hellmonk_ecumenical_altar_watching_god, portal_sewer_entry_e,
          uniq_robin, uniq_jessica, uniq_terence
D:4:      layout_layer_cave, temple_doors_cd
D:5:      layout_gridville, nicolae_overflow_squiral
D:6:      layout_rooms, serial_shops, nicolae_shop_stone, grunt_ministairs_13,
          uniq_menkaure, uniq_prince_ribbit1, uniq_edmund
D:7:      hangedman_cross_stitches, layout_cave_pools
D:8:      layout_loops_cross, grunt_lair_entry_orc_guard_hut, uniq_maggie
D:9:      kennysheep_steamy, layout_long_grid, serial_shops,
          kennysheep_mini_moat, nicolae_shop_tiny_glass, kennysheep_mini, shop,
          nicolae_shop_back_alley_shop, minmay_gold_behind_fungi
Temple:   compressed_dpeg_circular_temple

Skill      XL: |  1  2  3  4  5  6  7  8  9 |
---------------+----------------------------+-----
Ice Magic      | 5 6 7 8 |  8.0
Spellcasting   | 3 4 5 6 7 |  7.6
Summonings     | 1 3 4 5 |  5.0
Invocations    | 1 4 6 |  6.0
Air Magic      | 3 4 |  4.2
Dodging        | |  2.4
Stealth        | |  1.4

Action                     |  1- 3 |  4- 6 |  7- 9 || total
---------------------------+-------+-------+-------++-------
  Melee: Unarmed           |       |     5 |       ||     5
         Mace              |       |     5 |    34 ||    39
  Throw: Dart              |       |       |     3 ||     3
   Cast: Freeze            |    27 |    17 |    17 ||    61
         Frozen Ramparts   |     1 |     8 |    13 ||    22
         Ozocubu's Armour  |     1 |     4 |     6 ||    11
         Summon Ice Beast  |       |       |     3 ||     3
  Evoke: Wand              |       |       |     2 ||     2
    Use: Scroll            |       |     8 |     1 ||     9
         Potion            |       |     1 |     2 ||     3
 Armour: Robe              |     5 |     8 |    24 ||    37
  Dodge: Dodged            |    13 |    17 |    40 ||    70
